 Dungeon Crawl Stone Soup version 0.30-a0-576-g89cddaab80 (webtiles) character file.

Game seed: 922636809625996710

872 bande the Chopper (level 8, -5/48 HPs)
             Began as a Gargoyle Fighter on Dec 31, 2022.
             Was an Initiate of Okawaru.
             Slain by Edmund
             ... wielding a +1 dire flail of protection
              (10 damage)
             ... on level 5 of the Dungeon.
             The game lasted 00:08:46 (5243 turns).

bande the Chopper (Gargoyle Fighter)                Turns: 5243, Time: 00:08:47

Health: -5/48      AC: 16    Str: 20    XL:     8   Next: 4%
Magic:  8/8        EV: 14    Int:  9    God:    Okawaru [......]
Gold:   359        SH:  5    Dex: 11    Spells: 7/7 levels left

rFire   . . .      SeeInvis .    a - +0 war axe
rCold   . . .      Faith    .    c - +0 buckler
rNeg    + . .      Spirit   .    b - +0 scale mail
rPois   ∞          Reflect  .    (no helmet)
rElec   +          Harm     .    (no cloak)
rCorr   .          Rampage  .    (no gloves)
Will    .....                    l - +2 pair of boots Stlth
                                 (no amulet)
HPRegen 0.28/turn                o - +5 ring of evasion
MPRegen 0.11/turn                (no ring)

@: studying Conjurations
A: sickness immunity, AC +5, negative energy resistance 1, electricity
resistance, torment resistance 1, petrification resistance
a: Renounce Religion


You were on level 5 of the Dungeon.
You worshipped Okawaru.
Okawaru was noncommittal.
You visited 1 branch of the dungeon, and saw 5 of its levels.
You also visited: Sewer.

You collected 359 gold pieces.

Inventory:

Hand Weapons
 a - a +0 war axe (weapon)
 g - a +0 flail
Missiles
 t - a throwing net (quivered)
Armour
 b - a +0 scale mail (worn)
 c - a +0 buckler (worn)
 l - a +2 pair of boots (worn)
Jewellery
 o - a +5 ring of evasion (left hand)
 s - the amulet of Qedarom {Acrobat Fly rElec Int+10 Dex-2}
   (You found it on level 3 of the Dungeon)

   [amulet of the acrobat]

   It increases your evasion while moving and waiting.
   Int:       It affects your intelligence (+10).
   Dex:       It affects your dexterity (-2).
   rElec:     It insulates you from electricity.
   Fly:       It grants you flight.
 v - a ring of wizardry
Wands
 p - a wand of roots (2)
Scrolls
 h - 6 scrolls of identify
 j - a scroll of fear
 k - 2 scrolls of teleportation
 x - a scroll of brand weapon {unknown}
 y - a scroll of magic mapping
Potions
 d - 2 potions of might
 f - 2 potions of cancellation
 i - a potion of heal wounds
 m - 6 potions of curing
 u - a potion of ambrosia {unknown}
 w - a potion of haste {unknown}
 z - a potion of brilliance {unknown}
 A - a potion of magic {unknown}


   Skills:
 + Level 4.7 Fighting
 + Level 5.7 Axes
 + Level 5.4 Armour
 + Level 4.4 Shields
 * Level 0.1 Invocations
 * Level 2.3 Evocations


You had 7 spell levels left.
You didn't know any spells.
Your spell library contained the following spells:

 Spells                   Type           Power      Damage    Failure   Level
 Ensorcelled Hibernation  Hex/Ice        0%         N/A       91%         2
 Passwall                 Tmut/Erth      0%         N/A       91%         2
 Ignite Poison            Fire/Tmut/Pois 0%         N/A       99%         3
 Ozocubu's Armour         Ice            0%         N/A       99%         3
 Swiftness                Air            0%         N/A       99%         3
 Sticky Flame             Conj/Fire      0%         2d3       100%        4
 Metabolic Englaciation   Hex/Ice        0%         N/A       100%        5
 Ignition                 Fire           0%         3d3       100%        8
 Simulacrum               Ice/Necr       Unusable   N/A       N/A         6

Dungeon Overview and Level Annotations

Branches:
Dungeon (5/15)              Sewer (visited)
 Temple: D:4-7

Altars:
Hepliaklqana
Okawaru
Vehumet
Xom

Annotations:
D:5 Edmund


Innate Abilities, Weirdness & Mutations

You are immune to sickness and miasma.
Your stone body is resilient. (AC +5)
You are immune to poison.
You resist negative energy. (rN+)
You are resistant to electric shocks. (rElec)
You are resistant to unholy torment.
You are immune to petrification.


Message History

You hit Edmund.
Edmund is moderately wounded.
Edmund hits you with a +1 dire flail of protection.
You hit Edmund but do no damage.
Edmund is moderately wounded.
Edmund hits you but does no damage.
You hit Edmund but do no damage.
Edmund is moderately wounded.
Edmund hits you with a +1 dire flail of protection!
* * * LOW HITPOINT WARNING * * *
You barely miss Edmund.
Edmund is moderately wounded.
Edmund misses you.
Edmund hits you with a +1 dire flail of protection!
* * * LOW HITPOINT WARNING * * *
You slash Edmund!
Edmund is moderately wounded.
Edmund barely misses you.
You hit Edmund but do no damage.
Edmund is moderately wounded.
You block Edmund's attack.
You closely miss Edmund.
Edmund is moderately wounded.
Edmund closely misses you.
You hit Edmund but do no damage.
Edmund is moderately wounded.
Edmund misses you. Edmund completely misses you.
You hit Edmund but do no damage.
Edmund is moderately wounded.
Edmund misses you.
You hit Edmund but do no damage.
Edmund is moderately wounded.
Edmund closely misses you.
You closely miss Edmund.
Edmund is moderately wounded.
Edmund hits you but does no damage.
You hit Edmund.
Edmund is heavily wounded.
Edmund hits you with a +1 dire flail of protection!
You die...

.##.......##
.#.......8... ##
............... .. #..
.........8..... .# ....
...............
.###....
#.#..........###.#....#
#.#..................##
..#.........#...#@....#
####..#.....#...@.#...#
# #.#......#.>.........
# #.##.........###...#.
####.######.....# ..#
.....# ####..# ..#
###### #..).. .$
#..#.## # ...#..# ....
..#


You could see Edmund.

Vanquished Creatures
  Sigmund (D:2)
  Duvessa (D:4)
  A necrophage (D:4)
  Dowan (D:4)
  A hound (D:4)
  A jelly (D:4)
  Terence (D:2)
  An iguana (D:4)
  Ijyb (D:5)
  An orc wizard (D:4)
  8 gnolls (D:4)
  9 adders
  4 river rats
  A white imp (D:5)
  5 worms
  5 dart slugs
  5 orcs
  4 endoplasms
  7 giant cockroaches
  6 hobgoblins
  5 jackals (D:4)
  9 kobolds
  2 quokkas (D:1)
  8 ball pythons
  7 bats
  14 frilled lizards
  9 goblins
  19 rats
  A bush (D:1)
138 creatures vanquished.

Vanquished Creatures (others)
  4 plants (D:1)
4 creatures vanquished.

Grand Total: 142 creatures vanquished

Notes
Turn   | Place    | Note
-------+----------+-------------------------------------------
     0 | D:1      | bande the Gargoyle Fighter began the quest for the Orb.
     0 | D:1      | Reached XP level 1. HP: 14/14 MP: 1/1
   176 | D:1      | Reached XP level 2. HP: 19/19 MP: 2/2
   529 | D:1      | Reached XP level 3. HP: 23/23 MP: 3/3
  1260 | D:2      | Reached XP level 4. HP: 29/29 MP: 4/4
  1441 | D:2      | Noticed Sigmund
  1455 | D:2      | Killed Sigmund
  1456 | D:2      | Reached XP level 5. HP: 24/33 MP: 5/5
  1456 | D:2      | Reached XP level 6. HP: 28/38 MP: 6/6
  1681 | D:2      | Noticed Terence
  1691 | D:2      | Killed Terence
  2199 | D:3      | Found a hazy altar of Hepliaklqana.
  2342 | D:3      | Found a glowing drain.
  2350 | Sewer    | Entered a sewer
  3115 | D:3      | Identified the amulet of Qedarom {Acrobat Fly rElec Int+10
                  | Dex-2}
  3409 | D:4      | Found a shimmering altar of Xom.
  3569 | D:4      | Found a radiant altar of Vehumet.
  3620 | D:4      | Reached XP level 7. HP: 26/43 MP: 7/7
  3625 | D:4      | Reached skill level 5 in Armour
  3625 | D:4      | Reached skill level 1 in Evocations
  4188 | D:4      | Noticed Duvessa
  4200 | D:4      | Killed Duvessa
  4201 | D:4      | Reached skill level 5 in Axes
  4206 | D:4      | Noticed Dowan
  4215 | D:4      | Killed Dowan
  4887 | D:4      | Found an iron altar of Okawaru.
  4912 | D:4      | Reached XP level 8. HP: 29/48 MP: 8/8
  4939 | D:4      | Became a worshipper of Warmaster Okawaru
  5161 | D:5      | Entered Level 5 of the Dungeon
  5164 | D:5      | Identified a scroll of acquirement
  5164 | D:5      | Acquired a manual of Conjurations
  5216 | D:5      | Noticed Ijyb
  5222 | D:5      | Noticed Edmund
  5225 | D:5      | Killed Ijyb
  5235 | D:5      | HP: 2/48 [Edmund/+1 dire flail of protection (11)]
  5243 | D:5      | Slain by Edmund

Illustrated notes

Levels and vault maps discovered:
D:1:      lemuel_arrival_cross, layout_basic, serial_forest,
          infiniplex_forest_clump_curved, infiniplex_forest_clump_medium,
          infiniplex_forest_corner_2, infiniplex_forest_clump_diagonal,
          infiniplex_forest_lined_3, infiniplex_forest_end_double,
          minmay_3d_cube
D:2:      layout_basic, grunt_ministairs_10, st_stairs_2, uniq_sigmund,
          uniq_terence
D:3:      layout_basic, mainiacjoe_overflow_six_doors_small,
          gup_sewer_entry_spiral, kennysheep_pointless_box
D:4:      layout_basic, amcnicky_altar_gilded, old_standard_altar,
          mainiacjoe_overflow_catwalk, uniq_duvessa
D:5:      layout_cave_pools, ashenzari_altar_1, serial_column_ruins,
          column_ruins_hut, column_ruins_hut_pillars, column_ruins_grid_1,
          column_ruins_corridor_straight, column_ruins_columns_plus,
          column_ruins_columns_straight, uniq_edmund, uniq_ijyb

Skill      XL: |  1  2  3  4  5  6  7 |
---------------+----------------------+-----
Axes           | 2 4 5 |  5.7
Armour         | 4 5 |  5.4
Fighting       | 4 |  4.7
Shields        | 4 |  4.4
Evocations     | 2 |  2.3
Invocations    | |  0.1

Action                   |  1- 3 |  4- 6 |  7- 9 || total
-------------------------+-------+-------+-------++-------
Melee: War axe           |   171 |   289 |   106 ||   566
  Use: Scroll            |       |     9 |     4 ||    13
Armor: Scale mail        |    73 |   107 |    41 ||   221
Dodge: Dodged            |    61 |   168 |    62 ||   291
Block: Buckler           |    33 |    60 |    29 ||   122

Table legend: (Time is in decaauts)
 A = Elapsed time spent in this place.
 B = Non-inter-level travel time spent in this place.
 C = Inter-level travel time spent in this place.
 D = Time resting spent in this place.
 E = Time spent auto-exploring this place.
 F = Levels seen in this place.
 G = Mean time per level.
                   A        B        C        D        E       F      G
               +--------+--------+--------+--------+--------+-----+--------+
         Total |   5524 |   5313 |    211 |    850 |   3002 |   6 |  920.7 |
       Dungeon |   5014 |   4803 |    211 |    850 |   2745 |   5 | 1002.8 |
         Sewer |    510 |    510 |      0 |      0 |    256 |   1 |  510.0 |
               +--------+--------+--------+--------+--------+-----+--------+

Top non-repeatable levels by time:
     D:4: 1825 daAuts
     D:1: 1261 daAuts
     D:2: 936 daAuts
     D:3: 902 daAuts
   Sewer: 510 daAuts
     D:5: 87 daAuts
